 Dungeon Crawl Stone Soup version 0.23-a0-189-gc87c613 (webtiles) character file.

23 somewhere the Chopper (level 2, -1/22 HPs)
             Began as a Demonspawn Gladiator on Sept 23, 2018.
             Slain by a gnoll
             ... wielding a +0 club
              (6 damage)
             ... on level 1 of the Dungeon.
             The game lasted 00:00:44 (554 turns).

somewhere the Chopper (Demonspawn Gladiator)         Turns: 554, Time: 00:00:44

Health: -1/22      AC: 15    Str: 14    XL:     2   Next: 72%
Magic:  2/2        EV: 11    Int:  9    God:
Gold:   132        SH:  0    Dex: 14    Spells: 1/1 levels left

rFire    . . .     SeeInvis .   a - +0 war axe
rCold    . . .     Gourm    .   (no shield)
rNeg     . . .     Faith    .   i - +0 ring mail
rPois    .         Spirit   .   c - +0 helmet
rElec    .         Reflect  .   h - +0 cloak
rCorr    .         Harm     .   g - +1 pair of gloves
MR       .....                  (no boots)
Stlth    +.........             (no amulet)
HPRegen  0.07/turn              (no ring)
MPRegen  0.08/turn              (no ring)

@: sanguine armour, drained
A: sanguine armour 1
a: no special abilities


You were on level 1 of the Dungeon.
You were not hungry.

You visited 1 branch of the dungeon, and saw 2 of its levels.

You collected 132 gold pieces.

Inventory:

Hand Weapons
 a - a +0 war axe (weapon)
Missiles
 d - 3 throwing nets (quivered)
Armour
 b - a +0 leather armour
 c - a +0 helmet (worn)
 g - a +1 pair of gloves (worn)
 h - a +0 cloak (worn)
 i - a +0 ring mail (worn)
Scrolls
 e - a scroll of remove curse {unknown}
Potions
 j - a potion of haste {unknown}
Comestibles
 f - a ration


   Skills:
 - Level 2.0(1.3) Fighting
 * Level 3.7(3.0) Axes
 - Level 1.7(1.1) Throwing
 - Level 2.6(2.0) Dodging


You had one spell level left.
You didn't know any spells.
Your spell library was empty.

Dungeon Overview and Level Annotations

Branches:
Dungeon (2/15)

Altars:


Innate Abilities, Weirdness & Mutations

When seriously injured, your bleeding wounds create armour. (AC +6)


Message History

There is an escape hatch in the ceiling here.
The gnoll hits you but does no damage. A mysterious force pulls you upwards.
The hatch slams shut behind you.
You hit the gnoll.
The gnoll is lightly wounded.
The gnoll closely misses you.
You barely miss the gnoll.
The gnoll is lightly wounded.
The gnoll hits you but does no damage. The gnoll barely misses you.
You completely miss the gnoll.
The gnoll is lightly wounded.
The gnoll closely misses you.
You closely miss the gnoll.
The gnoll is lightly wounded.
The gnoll hits you with a club.
* * * LOW HITPOINT WARNING * * *
You slash the gnoll!
The gnoll is almost dead.
The gnoll hits you with a club.
You die...

####### #...... ## #########
#...... .###
###.@.#...#####...†.. ...#####
#...g................ ##.....#
####.............#......
#####.###........>......########
###..#..##............#######
###......####...........##....#
##...####.#####........#.......##
#..### #..........###.####......
..## #..............# #[.....


You could see a gnoll.

Vanquished Creatures
  A leopard gecko (D:1)
  2 giant cockroaches (D:1)
  4 goblins
  A hobgoblin (D:1)
  7 bats (D:1)
  A frilled lizard (D:1)
  5 kobolds
  A rat (D:1)
22 creatures vanquished.

Notes
Turn   | Place    | Note
-------+----------+-------------------------------------------
     0 | D:1      | somewhere the Demonspawn Gladiator began the quest for the
                  | Orb.
     0 | D:1      | Reached XP level 1. HP: 16/16 MP: 1/1
    70 | D:1      | Reached skill level 3 in Axes
   180 | D:1      | Gained mutation: When seriously injured, your bleeding
                  | wounds create armour. (AC +6) [demonic ancestry]
   180 | D:1      | Reached XP level 2. HP: 22/22 MP: 2/2
   554 | D:1      | Slain by a gnoll

Vault maps used:
D:1:      mrwooster_arrival_statue_3, minmay_misc_feat_five
D:2:      kennysheep_slug_shrine

Skill      XL: |  1 |
---------------+----+-----
Axes           | 3 |  3.7
Fighting       | |  2.0
Throwing       | |  1.7
Dodging        | |  2.6

Action                   || total
-------------------------++-------
Melee: War axe           ||    65
Armor: Leather armour    ||    17
       Ring mail         ||    23
Dodge: Dodged            ||    60

Table legend:
 A = Non-vault XP
 B = Vault XP
 C = Vault XP percentage of total XP
 D = Non-vault monster count
 E = Vault monster count
 F = Vault count percentage of total count
                 A         B        C        D         E       F
            +---------+---------+-------+---------+---------+-------
      Total |      33 |       0 |   0.0 |      22 |       0 |   0.0
            +---------+---------+-------+---------+---------+-------
        D:1 |      24 |       0 |   0.0 |      16 |       0 |   0.0
        D:2 |       9 |       0 |   0.0 |       6 |       0 |   0.0
            +---------+---------+-------+---------+---------+-------
